Map: Cactus Valley LE (Void)

Players

Indy - Winner!

  • Race: Protoss Protoss
  • Spawn Location: 5:00

Rodzyn

  • Race: Protoss Protoss
  • Spawn Location: 1:00

Event: IEM XI Katowice - World Championship 2017

VOD

Have the link to the VOD?

Description

Time

  • Played on: Feb. 28, 2017, 9:30 a.m.
  • Length: 17:53

All games in this series

Show
View Real Time Build Order
Export as new Build Order

Indy Protoss - Winner!

Build Orders:  

Get SALT Encoding   

  12  0:00  Probe (Chrono Boost)  
  13  0:11  Probe (Chrono Boost)  
  14  0:18  Pylon  
  14  0:22  Probe (Chrono Boost)  
  15  0:36  Probe (Chrono Boost)  
  15  0:37  Gateway  
  16  0:43  Assimilator  
  16  0:46  Probe (Chrono Boost)  
  17  0:53  Assimilator  
  17  0:57  Probe (Chrono Boost)  
  18  1:08  Probe (Chrono Boost)  
  19  1:11  Gateway  
  19  1:18  Probe (Chrono Boost)  
  20  1:24  Cybernetics Core  
  20  1:29  Probe (Chrono Boost)  
  21  1:39  Pylon, Probe (Chrono Boost)  
  22  1:50  Probe (Chrono Boost)  
  25  2:01  Mothership Core (Chrono Boost)  
  25  2:06  Warp Gate, Stalker x2  
  29  2:17  Pylon  
  29  2:44  Nexus  
  29  2:50  Stalker  
  31  2:58  Stalker  
  31  3:16  Probe (Chrono Boost)  
  29  3:28  Probe (Chrono Boost)  
  29  3:36  Sentry x2  
  29  3:39  Probe (Chrono Boost)  
  34  3:50  Probe (Chrono Boost)  
  35  4:00  Probe (Chrono Boost)  
  35  4:02  Probe (Chrono Boost)  
  37  4:11  Probe (Chrono Boost)  
  37  4:12  Robotics Facility  
  38  4:17  Probe (Chrono Boost)  
  39  4:24  Adept  
  39  4:25  Adept  
  39  4:29  Probe (Chrono Boost)  
  44  4:32  Probe (Chrono Boost)  
  45  4:39  Probe (Chrono Boost)  
  45  4:42  Probe (Chrono Boost)  
  47  4:46  Sentry  
  47  4:50  Probe (Chrono Boost)  
  51  4:53  Probe (Chrono Boost)  
  51  5:00  Probe (Chrono Boost)  
  51  5:03  Probe (Chrono Boost)  
  53  5:11  Probe (Chrono Boost)  
  53  5:14  Probe (Chrono Boost)  
  53  5:17  Warp Prism  
  53  5:21  Pylon  
  51  5:23  Probe (Chrono Boost)  
  51  5:25  Robotics Bay  
  51  5:27  Pylon  
  54  5:39  Twilight Council, Probe (Chrono Boost)  
  54  5:40  Probe (Chrono Boost)  
  56  5:43  Adept x2  
  56  5:49  Probe (Chrono Boost)  
  61  5:52  Pylon, Observer, Probe (Chrono Boost)  
  63  6:00  Probe (Chrono Boost)  
  65  6:05  Adept x2, Probe (Chrono Boost)  
  65  6:10  Probe (Chrono Boost)  
  69  6:16  Assimilator  
  69  6:17  Assimilator, Probe (Chrono Boost)  
  70  6:19  Pylon  
  70  6:21  Disruptor  
  70  6:25  Probe (Chrono Boost)  
  71  6:29  Probe (Chrono Boost)  
  75  6:39  Pylon  
  75  6:50  Stalker x2  
  75  6:52  Disruptor  
  82  7:03  Probe (Chrono Boost)  
  82  7:05  Probe (Chrono Boost)  
  80  7:16  Blink, Gateway  
  80  7:18  Gateway x2  
  80  7:19  Gateway  
  78  7:25  Stalker  
  78  7:26  Stalker  
  78  7:27  Disruptor  
  78  7:29  Pylon  
  83  7:42  Probe (Chrono Boost)  
  83  7:43  Probe (Chrono Boost)  
  83  7:49  Stalker  
  83  7:50  Stalker  
  85  7:55  Probe (Chrono Boost)  
  86  8:04  Disruptor  
  87  8:15  Stalker  
  87  8:16  Stalker x4  
  87  8:18  Nexus  
  97  8:30  Stalker  
  99  8:37  Disruptor  
  97  8:42  Probe (Chrono Boost)  
  97  8:43  Pylon  
  97  8:44  Probe (Chrono Boost)  
  99  8:58  Pylon x2  
  99  8:59  Pylon  
  99  9:02  Pylon  
  99  9:14  Adept  
  101  9:20  Disruptor, Adept  
  101  9:22  Stalker x3  
  101  9:23  Stalker  
  103  9:51  Disruptor  
  92  10:03  Probe x2 (Chrono Boost)  
  84  10:08  Stalker x6  
  92  10:22  Disruptor  
  93  10:29  Probe (Chrono Boost)  
  93  10:32  Pylon, Adept x2  
  93  10:33  Adept x2  
  93  10:34  Stalker x2  
  106  10:40  Probe (Chrono Boost)  
  103  10:50  Probe (Chrono Boost)  
  103  10:53  Stalker x2  
  103  10:54  Stalker x2  
  108  11:07  Disruptor  
  108  11:15  Stalker x2  
  108  11:17  Stalker x2  
  108  11:18  Adept  
  121  11:20  Adept  
  123  11:29  Forge  
  123  11:38  Disruptor  
  114  12:09  Disruptor  
  113  12:21  Stalker x6  
  122  12:24  Assimilator  
  122  12:25  Assimilator  
  122  12:27  Photon Cannon  
  122  12:29  Photon Cannon  
  122  12:31  Protoss Ground Weapons Level 1  
  122  12:37  Gateway  
  122  12:39  Nexus  
  122  12:40  Pylon  
  122  12:43  Gateway  
  122  12:47  Disruptor  
  122  12:53  Photon Cannon  
  122  12:54  Robotics Facility  
  122  12:56  Probe (Chrono Boost)  
  122  12:57  Probe (Chrono Boost)  
  122  12:58  Probe (Chrono Boost)  
  128  13:12  Stalker x5  
  138  13:14  Pylon  
  131  13:21  Disruptor  
  134  13:37  Adept x3  
  134  13:38  Adept  
  111  13:58  Stalker x4  
  106  14:10  Protoss Ground Weapons Level 2  
  106  14:11  Adept x2  
  106  14:15  Disruptor  
  110  14:17  Assimilator x2, Pylon  
  110  14:18  Disruptor, Charge  
  116  14:47  Nexus  
  116  14:48  Pylon  
  116  14:49  Disruptor x2  
  119  15:17  Stalker x4  
  119  15:20  Disruptor  
  125  15:25  Photon Cannon  
  125  15:27  Photon Cannon  
  126  15:31  Pylon  
  126  15:39  Stalker  
  126  15:40  Stalker x2  
  132  15:43  Stalker  
  134  15:55  Stalker x3  
  140  16:04  Disruptor x2  
  127  16:16  Stalker x2  
  129  16:39  Stalker x7  
  143  16:40  Stalker  
  143  16:42  Disruptor x2  
  139  16:52  Assimilator  
  145  16:54  Assimilator  
  145  17:16  Observer  
Show
View Real Time Build Order
Export as new Build Order

Rodzyn Protoss 

Build Orders:  

Get SALT Encoding   

  12  0:01  Probe (Chrono Boost)  
  13  0:11  Probe (Chrono Boost)  
  14  0:17  Pylon  
  14  0:22  Probe (Chrono Boost)  
  15  0:35  Probe (Chrono Boost)  
  16  0:36  Gateway  
  16  0:45  Probe (Chrono Boost)  
  16  0:47  Assimilator  
  17  0:52  Assimilator  
  17  0:56  Probe (Chrono Boost)  
  18  1:06  Probe (Chrono Boost)  
  18  1:09  Gateway  
  19  1:17  Probe (Chrono Boost)  
  20  1:25  Cybernetics Core  
  20  1:27  Probe (Chrono Boost)  
  21  1:37  Pylon  
  21  1:39  Probe (Chrono Boost)  
  22  1:49  Probe (Chrono Boost)  
  23  1:59  Adept  
  23  2:00  Warp Gate, Adept  
  29  2:10  Mothership Core (Chrono Boost)  
  29  2:30  Stalker  
  29  2:35  Pylon  
  31  2:51  Nexus  
  31  2:57  Stalker  
  32  3:21  Probe (Chrono Boost)  
  30  3:28  Robotics Facility  
  30  3:32  Probe (Chrono Boost)  
  31  3:40  Twilight Council  
  31  3:42  Pylon  
  31  3:46  Probe (Chrono Boost)  
  32  3:56  Probe (Chrono Boost)  
  33  4:04  Stalker  
  33  4:05  Stalker  
  37  4:12  Gateway  
  37  4:16  Blink  
  37  4:18  Observer  
  39  4:26  Probe (Chrono Boost)  
  39  4:27  Probe (Chrono Boost)  
  40  4:35  Sentry x2  
  40  4:38  Probe (Chrono Boost)  
  46  4:39  Probe (Chrono Boost)  
  46  4:46  Immortal  
  46  4:50  Probe (Chrono Boost)  
  46  4:51  Probe (Chrono Boost)  
  52  4:56  Assimilator  
  52  5:02  Adept, Probe (Chrono Boost)  
  52  5:05  Adept  
  54  5:17  Probe (Chrono Boost)  
  54  5:20  Probe (Chrono Boost)  
  55  5:21  Immortal  
  59  5:29  Pylon  
  59  5:31  Probe (Chrono Boost)  
  59  5:33  Probe (Chrono Boost)  
  62  5:44  Probe (Chrono Boost)  
  62  5:49  Probe (Chrono Boost)  
  63  5:50  Pylon  
  63  5:56  Probe (Chrono Boost)  
  64  6:01  Probe (Chrono Boost)  
  64  6:11  Probe (Chrono Boost)  
  64  6:14  Probe (Chrono Boost), Gateway  
  64  6:15  Gateway  
  67  6:19  Warp Prism  
  67  6:24  Assimilator  
  65  6:26  Sentry x2  
  65  6:27  Stalker  
  71  6:34  Gateway  
  71  6:35  Pylon  
  71  6:36  Probe (Chrono Boost)  
  72  6:44  Gateway  
  72  6:52  Stalker x3  
  78  6:56  Probe (Chrono Boost)  
  79  7:04  Probe (Chrono Boost)  
  80  7:14  Probe (Chrono Boost)  
  81  7:17  Stalker x3  
  86  7:28  Pylon  
  86  7:29  Pylon  
  86  7:32  Pylon  
  86  7:35  Warp Prism  
  86  7:47  Stalker x3  
  92  7:52  Stalker  
  94  8:06  Stalker x2  
  98  8:23  Immortal  
  98  8:27  Robotics Bay  
  102  8:41  Nexus  
  100  8:56  Stalker x5  
  108  9:12  Forge  
  108  9:23  Probe (Chrono Boost)  
  110  9:25  Probe (Chrono Boost)  
  110  9:29  Disruptor, Pylon  
  110  9:30  Pylon  
  101  9:43  Stalker x5  
  105  9:46  Stalker  
  102  10:09  Adept x2  
  102  10:10  Adept  
  105  10:15  Probe (Chrono Boost)  
  105  10:16  Disruptor  
  105  10:19  Probe (Chrono Boost)  
  101  10:27  Probe (Chrono Boost)  
  101  10:31  Probe (Chrono Boost)  
  101  10:32  Probe (Chrono Boost)  
  103  10:37  Robotics Facility  
  103  10:45  Stalker x2  
  106  10:51  Disruptor  
  108  11:04  Protoss Ground Weapons Level 1, Probe (Chrono Boost)  
  107  11:05  Pylon  
  107  11:07  Probe (Chrono Boost)  
  108  11:16  Stalker  
  108  11:17  Stalker x2  
  114  11:23  Probe (Chrono Boost)  
  114  11:24  Probe (Chrono Boost)  
  114  11:25  Disruptor, Probe (Chrono Boost)  
  117  11:32  Disruptor  
  120  11:34  Probe (Chrono Boost)  
  123  11:41  Probe (Chrono Boost)  
  119  11:56  Stalker x3  
  119  11:57  Stalker  
  89  12:24  Probe x3 (Chrono Boost)  
  89  12:26  Stalker x4  
  98  12:34  Probe (Chrono Boost)  
  98  12:36  Probe (Chrono Boost)  
  100  12:43  Stalker x2  
  102  12:54  Stalker x3, Warp Prism  
  108  12:58  Observer  
  111  13:08  Probe (Chrono Boost)  
  110  13:15  Probe (Chrono Boost)  
  107  13:25  Stalker x4  
  107  13:26  Stalker  
  113  13:55  Stalker x4  
  81  14:06  Disruptor  
  81  14:07  Disruptor  
  79  14:13  Stalker x3  
  88  14:35  Stalker x3  
  88  14:36  Stalker x3  
  88  14:37  Disruptor, Stalker  
  102  14:42  Assimilator  
  102  14:45  Assimilator  
  105  14:46  Disruptor  
  79  15:08  Disruptor  
  79  15:10  Stalker  
  79  15:11  Stalker x3  
  85  15:21  Probe (Chrono Boost)  
  82  15:37  Stalker  
  82  15:38  Stalker x3  
  82  15:42  Probe (Chrono Boost)  
  91  15:53  Stalker  
  91  15:54  Stalker x2  
  80  16:13  Stalker x4  
  80  16:17  Disruptor  
  90  16:37  Disruptor  
  90  16:42  Nexus  
  90  16:44  Pylon  
  90  16:52  Stalker  
  90  16:53  Stalker x2  
  96  17:01  Stalker x2  
  92  17:28  Stalker x4  

Tags
 
Add a new tag
Caveats
  • Supply blocks, unpowered buildings, or Contaminate may cause inaccurate times.
  • Supply counts are checked every 10 seconds.